 Dungeon Crawl Stone Soup version 0.31-a0-1-g4198be8 (webtiles) character file.

Game seed: 13693833057406382242

1687 Nithhogg the Chopper (level 9, -4/79 HPs)
             Began as a Hill Orc Fighter on May 2, 2023.
             Was a Follower of the Shining One.
             Slain by a gnoll sergeant
             ... wielding a +6 antimagic spear
              (15 damage)
             ... on level 7 of the Dungeon.
             The game lasted 00:14:29 (6035 turns).

Nithhogg the Chopper (Hill Orc Fighter)             Turns: 6035, Time: 00:14:29

Health: -4/79      AC: 10    Str: 23    XL:     9   Next: 2%
Magic:  0/23       EV: 11    Int:  8    God:    the Shining One [*.....]
Gold:   342        SH:  0    Dex: 16    Spells: 8/8 levels left

rFire   + . .        a - +1 war axe
rCold   . . .        (no shield)
rNeg    . . .        E - +1 robe "Huirion" {Harm rF+ rCorr Dex+6}
rPois   .            y - +1 hat
rElec   .            (no cloak)
rCorr   +            e - +1 pair of gloves
SInv    .            (no boots)
Will    .....        (no amulet)
Stlth   +            r - ring of magical power
HPRegen 0.33/turn    s - +4 ring of protection
MPRegen 0.18/turn

%: harm (+30% outgoing, +20% incoming)
@: glowing
A: no striking features
a: Renounce Religion, Divine Shield


You were on level 7 of the Dungeon.
You worshipped the Shining One.
The Shining One was aware of your devotion.
You visited 2 branches of the dungeon, and saw 8 of its levels.

You collected 342 gold pieces.

Inventory:

Hand Weapons
 a - a +1 war axe (weapon)
 f - a +3 hand axe
 k - a +0 scythe of protection
 u - a +1 whip of freezing
 B - a +2 falchion of electrocution
Missiles
 g - 12 poisoned darts (quivered)
Armour
 b - a +0 scale mail
 c - a +0 buckler
 e - a +1 pair of gloves (worn)
 j - a +0 hat
 w - a +0 plate armour
 y - a +1 hat (worn)
 E - the +1 robe "Huirion" (worn) {Harm rF+ rCorr Dex+6}
   (You found it on level 6 of the Dungeon)

   Dex:       It affects your dexterity (+6).
   rF:        It protects you from fire.
   rCorr:     It protects you from acid and corrosion.
   Harm:      It increases damage dealt and taken.
 G - a +0 leather armour of cold resistance
Jewellery
 r - a ring of magical power (left hand)
 s - a +4 ring of protection (right hand)
 F - a ring of wizardry
 J - an amulet of the acrobat
Wands
 i - a wand of flame (21)
 x - a wand of roots (3)
 z - a wand of mindburst (28)
 H - a wand of polymorph (6)
 I - a wand of paralysis (2)
Scrolls
 d - 2 scrolls of vulnerability {unknown}
 h - 7 scrolls of identify
 l - 2 scrolls of fog
 C - a scroll of amnesia {unknown}
Potions
 m - a potion of cancellation
 n - 4 potions of curing
 o - 2 potions of degeneration {unknown}
 p - a potion of heal wounds {unknown}
 q - a potion of flight {unknown}
 t - 2 potions of brilliance {unknown}
 v - a potion of attraction {unknown}
 A - a potion of invisibility {unknown}
 D - 3 potions of might


   Skills:
 + Level 7.5 Fighting
 + Level 7.7 Axes
 + Level 6.9 Armour
 - Level 3.2 Shields
 + Level 7.2 Invocations


You had 8 spell levels left.
You didn't know any spells.
Your spell library contained the following spells:

 Spells                   Type           Power      Damage    Failure   Level
 Kiss of Death            Conj/Necr      0%         2d5       41%         1
 Slow                     Hex            0%         N/A       41%         1
 Blink                    Tloc           0%         N/A       54%         2
 Call Imp                 Summ           0%         N/A       54%         2
 Confusing Touch          Hex            0%         N/A       78%         3
 Portal Projectile        Hex/Tloc       0%         N/A       78%         3
 Spider Form              Tmut/Pois      0%         N/A       78%         3
 Summon Guardian Golem    Hex/Summ       0%         N/A       78%         3
 Tukima's Dance           Hex            0%         N/A       78%         3
 Vampiric Draining        Necr           0%         2d6       78%         3
 Dispel Undead            Necr           0%         3d6       99%         4
 Manifold Assault         Tloc           0%         N/A       99%         4
 Olgreb's Toxic Radiance  Pois           0%         N/A       99%         4
 Blade Hands              Tmut           0%         N/A       100%        5
 Storm Form               Tmut/Air       0%         N/A       100%        7


Dungeon Overview and Level Annotations

Branches:
Dungeon (7/15)             Temple (1/1) D:4

Altars:
Ashenzari
Cheibriados
Dithmenos
Elyvilon
Fedhas
Gozag
Hepliaklqana
Kikubaaqudgha
Makhleb
Nemelex Xobeh
Okawaru
Qazlal
Ru
Sif Muna
Trog
Vehumet
Wu Jian
Xom
Yredelemnul
Zin
The Shining One
Beogh

Shops:
D:2 =   D:3 (


Message History

You slash the gnoll!
You kill the gnoll!
You hit the gnoll. The gnoll barely misses you.
The gnoll sergeant barely misses you.
You hit the gnoll but do no damage.
The gnoll is lightly wounded.
The gnoll sergeant hits you from afar with a +6 antimagic spear!
You feel your power leaking away.
The gnoll hits you from afar with a +0 spear.
The gnoll sergeant hits you from afar with a +6 antimagic spear!
You feel your power leaking away. The gnoll hits you with a +0 whip.
The gnoll hits you from afar with a +0 spear.
* * * LOW HITPOINT WARNING * * *
You are too injured to fight recklessly!
You are too injured to fight recklessly!
You feel better. The gnoll hits you but does no damage.
The gnoll sergeant barely misses you.
You slash the gnoll!
You kill the gnoll!
The gnoll sergeant hits you from afar with a +6 antimagic spear.
You feel your power leaking away.
The gnoll sergeant hits you with a +6 antimagic spear.
* * * LOW HITPOINT WARNING * * *
The gnoll barely misses you.
Things that are here:
a +0 whip; a gnoll corpse You slice the gnoll!!
You kill the gnoll!
You hit the gnoll sergeant but do no damage.
The gnoll sergeant hits you with a +6 antimagic spear.
* * * LOW HITPOINT WARNING * * *
You feel your power leaking away.
You hit the gnoll sergeant but do no damage.
The gnoll sergeant hits you with a +6 antimagic spear!
* * * LOW HITPOINT WARNING * * *
You hit the gnoll sergeant.
The gnoll sergeant is moderately wounded.
The gnoll sergeant hits you with a +6 antimagic spear!
You die...

..........#.............'....#..#
..........#.....##..##..#....#..#
######...####...##..##..#....+...
.#####...####...##..##..#....##..
.#..........#.......#####........
.'..........#...........#........
.#....).....#...........#........
.#..........#.......##+##........
.#..........#..)@...#....##+#....
.######....###)g##..#....+..#....
#.....###### ##'##..'....#..#....
'.....# ...#..#....#..#....
#.....# ....#..#....#.......
#.....### ##..##..#############
###.....# ######...# # ..'.....#
#....>...# # ..#.....# #........#
#


You could see a gnoll sergeant.

Vanquished Creatures
  Sigmund (D:3)
  A water moccasin (D:7)
  2 orc warriors
  2 ogres (D:5)
  2 phantoms
  3 scorpions
  The ghost of Dorkslayer the Covered, a weakling GrFi (D:3)
  A howler monkey (D:5)
  A jelly (D:5)
  3 orc priests
  2 hounds (D:5)
  2 iguanas (D:5)
  6 orc wizards
  6 adders
  6 gnolls
  4 white imps
  2 ufetubi (D:6)
  2 worms (D:2)
  4 dart slugs
  28 orcs
  9 ball pythons
  5 bats
  4 endoplasms
  A giant cockroach (D:3)
  10 goblins
  6 hobgoblins
  2 jackals
  10 quokkas
  4 frilled lizards
  8 kobolds
  4 rats
142 creatures vanquished.

Vanquished Creatures (others)
  A plant (D:3)
1 creature vanquished.

Grand Total: 143 creatures vanquished

Notes
Turn   | Place    | Note
-------+----------+-------------------------------------------
     0 | D:1      | Nithhogg the Hill Orc Fighter began the quest for the Orb.
     0 | D:1      | Reached XP level 1. HP: 19/19 MP: 1/1
   145 | D:1      | Reached XP level 2. HP: 26/27 MP: 2/2
   150 | D:1      | Reached skill level 1 in Invocations
   688 | D:1      | Reached XP level 3. HP: 29/33 MP: 4/4
   969 | D:2      | Found Empeukk's Jewellery Shop.
  1377 | D:2      | Reached XP level 4. HP: 31/40 MP: 5/5
  1467 | D:3      | Noticed Sigmund
  1489 | D:3      | Killed Sigmund
  1490 | D:3      | Reached XP level 5. HP: 42/47 MP: 5/7
  1491 | D:3      | Reached XP level 6. HP: 50/55 MP: 5/8
  1547 | D:3      | Found Luneim's Weapon Shop.
  1648 | D:3      | Reached skill level 5 in Fighting
  1847 | D:3      | Found a transporter.
  1850 | D:3      | Noticed Dorkslayer's ghost (weakling GrFi)
  1860 | D:3      | Found a transporter.
  1876 | D:3      | Killed Dorkslayer's ghost
  2578 | D:4      | Found a staircase to the Ecumenical Temple.
  2587 | Temple   | Entered the Ecumenical Temple
  2751 | Temple   | Became a worshipper of the Shining One
  2932 | D:4      | Reached skill level 5 in Axes
  3395 | D:5      | Entered Level 5 of the Dungeon
  3424 | D:5      | Reached skill level 5 in Armour
  3424 | D:5      | Reached XP level 7. HP: 50/61 MP: 10/10
  3765 | D:5      | Got the Anthology of Production and the Coward
  3809 | D:5      | Reached skill level 5 in Invocations
  3919 | D:5      | Reached XP level 8. HP: 61/71 MP: 12/12
  4305 | D:5      | Found a blossoming altar of Fedhas.
  4440 | D:6      | Identified the +1 robe "Huirion" {Harm rF+ rCorr Dex+6}
  4581 | D:6      | Reached * piety under the Shining One
  4606 | D:6      | Found a runed translucent door.
  5577 | D:6      | Found a roughly hewn altar of Beogh.
  5795 | D:7      | Reached XP level 9. HP: 79/79 MP: 14/14
  6035 | D:7      | Slain by a gnoll sergeant

Illustrated notes

Levels and vault maps discovered:
D:1:      dpeg_arrival_radiant, layout_loops_ring, st_stairs_3
D:2:      layout_loops_cross, serial_shops, nicolae_shop_tiny_real_fake_doors,
          minivault_11
D:3:      layout_loops_ring, gammafunk_ghost_arena, serial_shops, shop,
          serial_forest, infiniplex_forest_lined_2,
          infiniplex_forest_clump_double, infiniplex_forest_straight_3,
          infiniplex_forest_side_room, infiniplex_forest_3_way, kennysheep_nub,
          minmay_misc_feat_rugged, kennysheep_generic_room_9, uniq_sigmund
D:4:      layout_cave_pools, minmay_temple_entry_statues_fountains,
          kennysheep_crisscross
D:5:      layout_gridville, general_overflow_altar, minmay_circle_x
D:6:      layout_basic, lightli_church_of_beogh
D:7:      layout_gridville, serial_shops, nicolae_shop_mannequins
Temple:   nicolae_temple_slightly_damp_pantheon

Skill      XL: |  1  2  3  4  5  6  7  8 |
---------------+-------------------------+-----
Axes           | 3 4 5 6 7 |  7.7
Invocations    | 1 2 3 4 5 7 |  7.2
Fighting       | 4 5 6 7 |  7.5
Armour         | 4 5 6 |  6.9
Shields        | |  3.2

Action                     |  1- 3 |  4- 6 |  7- 9 || total
---------------------------+-------+-------+-------++-------
  Melee: War axe           |    94 |   155 |   142 ||   391
         Punch             |     1 |     2 |     5 ||     8
    Use: Scroll            |     4 |     3 |     3 ||    10
         Potion            |       |     2 |     7 ||     9
 Armour: Scale mail        |    61 |   104 |    34 ||   199
         Robe              |       |       |    42 ||    42
  Dodge: Dodged            |    45 |    62 |   116 ||   223

Table legend: (Time is in decaauts)
 A = Elapsed time spent in this place.
 B = Non-inter-level travel time spent in this place.
 C = Inter-level travel time spent in this place.
 D = Time resting spent in this place.
 E = Time spent auto-exploring this place.
 F = Levels seen in this place.
 G = Mean time per level.
                   A        B        C        D        E       F      G
               +--------+--------+--------+--------+--------+-----+--------+
         Total |   6116 |   5940 |    176 |    146 |   4666 |   8 |  764.5 |
       Dungeon |   5932 |   5775 |    157 |    146 |   4528 |   7 |  847.4 |
        Temple |    183 |    164 |     19 |      0 |    138 |   1 |  183.0 |
               +--------+--------+--------+--------+--------+-----+--------+

Top non-repeatable levels by time:
     D:5: 1179 daAuts
     D:3: 1139 daAuts
     D:6: 1061 daAuts
     D:1: 761 daAuts
     D:2: 733 daAuts
     D:4: 645 daAuts
     D:7: 412 daAuts
  Temple: 183 daAuts
